 Dungeon Crawl Stone Soup version 0.31-a0-162-gc4c5a43528 (webtiles) character file.

Game seed: 4500023367483788378

403 qw the Shield-Bearer (level 6, -1/37 HPs)
             Began as a Gargoyle Fighter on June 12, 2023.
             Was an Initiate of Okawaru.
             Killed by divine providence
             ... invoked by an orc priest
              (18 damage)
             ... on level 5 of the Dungeon.
             The game lasted 00:01:43 (2784 turns).

qw the Shield-Bearer (Gargoyle Fighter)             Turns: 2784, Time: 00:01:44

Health: -1/37      AC: 20    Str: 22    XL:     6   Next: 86%
Magic:  4/6        EV:  7    Int:  8    God:    Okawaru [......]
Gold:   90         SH: 14    Dex:  9    Spells: 5/5 levels left

rFire   . . .        Y - +1 war axe
rCold   . . .        a - +4 kite shield of the Comet {Harm Will+}
rNeg    + . .        j - +0 plate armour {Will+}
rPois   inf          (no helmet)
rElec   +            (no cloak)
rCorr   +            m - +0 pair of gloves
SInv    .            e - +0 pair of boots
Will    +++..        (no amulet) Stlth
                     i - ring of resist corrosion
HPRegen 0.26/turn    n - ring of willpower
MPRegen 0.10/turn

%: harm (+30% outgoing, +20% incoming)
@: heroic
A: sickness immunity, AC +4, negative energy resistance 1, electricity
resistance, torment resistance 1, petrification resistance
a: Renounce Religion


You were on level 5 of the Dungeon.
You worshipped Okawaru.
Okawaru was noncommittal.
You visited 1 branch of the dungeon, and saw 5 of its levels.

You collected 90 gold pieces.


Innate Abilities, Weirdness & Mutations

You are immune to sickness and miasma.
Your stone body is resilient. (AC +4)
You are immune to poison.
You resist negative energy. (rN+)
You are resistant to electric shocks. (rElec)
You are resistant to unholy torment.
You are immune to petrification.


   Skills:
 + Level 3.2(8.2) Fighting
 - Level 5.0(10.0) Axes
 - Level 3.2(8.2) Armour
 - Level 5.9(10.9) Shields
 + Level 0.0 Invocations


You had 5 spell levels left.
You didn't know any spells.
Your spell library was empty.

Inventory:

Hand Weapons
 c - a +0 flail
 Y - a +1 war axe (weapon)
Armour
 a - the +4 kite shield of the Comet (worn) {Harm Will+}
   (You acquired it on level 3 of the Dungeon)

   Harm:      It increases damage dealt and taken.
   Will:      It increases your willpower.
 e - a +0 pair of boots (worn)
 j - a +0 plate armour of willpower (worn)
 m - a +0 pair of gloves (worn)
Jewellery
 i - a ring of resist corrosion (left hand)
 n - a ring of willpower (right hand)
Scrolls
 g - 2 scrolls of teleportation
 h - a scroll of identify
Potions
 b - a potion of cancellation {unknown}
 d - a potion of might
 f - a potion of brilliance {unknown}
 k - 5 potions of curing
 l - a potion of haste {unknown}

Dungeon Overview and Level Annotations

Branches:
Dungeon (5/15)
 Temple: D:4-7

Altars:
Fedhas
Hepliaklqana
Okawaru
Xom

Portals:
Abyss: D:3

Annotations:
D:3 2 transporters, qw's ghost, amateur GrFi


Message History

You barely miss the orc wizard.
The orc wizard is severely wounded.
The orc wizard casts a spell.
The orc wizard flickers and vanishes!
Deactivating autopickup; reactivate with Ctrl-A.
The orc priest completely misses you.
You hit something but do no damage. Something hits you but does no damage.
An orc priest comes into view. It is wielding a +0 flail.
The orc priest mumbles some strange prayers to Beogh against you.
Beogh smites you!
The orc priest hits you but does no damage.
Something hits you but does no damage.
You miss something.
You hear some strange, mumbled words.
A puff of flame appears from out of thin air!
The puff of flame hits you but does no damage.
You block the orc priest's attack.
The orc priest looks satisfied for a moment.
You hit something. Something hits you. You block the orc priest's attack.
You miss something.
The orc priest casts a cantrip, but nothing happens.
You block something's attack. The orc priest closely misses you.
You block something's attack.
The orc priest hits you from afar with a +0 trident!
You hit something. Okawaru accepts your kill.
You can now gain great but temporary skills.
Reactivating autopickup.
You feel a bit more experienced.
The orc priest hits you but does no damage.
Your Axes skill increases to level 5!
2784 ||| INVOKING Heroism.
You gain the combat prowess of a mighty hero.
You can no longer gain great but temporary skills.
The orc priest closely misses you.
The orc priest calls down the wrath of Beogh upon you.
Beogh smites you!
You die...

.#
.#
.#
##.
.o.
#o#
#)#
#@#
#.#
#.#
#<#
#.#
#..
####


You could see 2 orc priests.

Vanquished Creatures
  A steam dragon (D:4)
  A hound (D:4)
  An orc priest (D:4)
  Jessica (D:2)
  Ijyb (D:3)
  An iguana (D:4)
  An orc wizard (D:5)
  3 adders
  A worm (D:2)
  2 dart slugs
  4 orcs (D:4)
  12 ball pythons
  8 endoplasms
  2 giant cockroaches
  8 goblins
  4 hobgoblins
  6 kobolds
  3 quokkas
  7 bats
  5 frilled lizards
  7 rats
79 creatures vanquished.

Notes
Turn   | Place    | Note
-------+----------+-------------------------------------------
     0 | D:1      | qw the Gargoyle Fighter began the quest for the Orb.
     0 | D:1      | Reached XP level 1. HP: 14/14 MP: 1/1
     0 | D:1      | 0 ||| qw: Version: 0.2-a-29-gc1b59c4
     0 | D:1      | 0 ||| qw: Game counter: 4303
     0 | D:1      | 0 ||| qw: Always use a shield: true
     0 | D:1      | 0 ||| qw: God list: Okawaru
     0 | D:1      | 0 ||| qw: Allow faded altars: false
     0 | D:1      | 0 ||| qw: Do Orc after D:15 true
     0 | D:1      | 0 ||| qw: Do second Lair branch before Depths: true
     0 | D:1      | 0 ||| qw: Lair rune preference: random
     0 | D:1      | 0 ||| qw: Plans: Normal, Zot:1-4, Slime:5, God:TSO, Crypt,
                  | Tomb, Abyss, Pan, Hells, Win
     0 | D:1      | 0 ||| PLANNING D:1-11
   128 | D:1      | Reached XP level 2. HP: 19/19 MP: 2/2
   220 | D:1      | 220 ||| DROPPING +0 club.
   380 | D:1      | Reached skill level 3 in Axes
   406 | D:1      | Reached XP level 3. HP: 23/23 MP: 3/3
   758 | D:1      | 758 ||| UPGRADING to +0 plate armour of willpower.
   768 | D:1      | 768 ||| DROPPING +0 scale mail.
   769 | D:1      | 769 ||| READING scroll labelled HAASEV BABEUST.
   770 | D:1      | 770 ||| READING 2 scrolls labelled CEOKHLUS OMEM XIOR.
   773 | D:1      | 773 ||| READING scroll labelled VUITZE ROCI.
   812 | D:2      | 812 ||| STAIRDANCE
   842 | D:2      | 842 ||| Stepping ~*~*~tactically~*~*~ (hiding).
   843 | D:2      | 843 ||| Stepping ~*~*~tactically~*~*~ (hiding).
  1170 | D:2      | 1170 ||| Stepping ~*~*~tactically~*~*~ (stealth).
  1190 | D:2      | Noticed Jessica
  1196 | D:2      | Killed Jessica
  1197 | D:2      | Reached XP level 4. HP: 28/28 MP: 4/4
  1390 | D:2      | 1390 ||| READING scroll labelled QYOMAYCW PUWY.
  1391 | D:2      | 1391 ||| DRINKING 3 red potions.
  1414 | D:3      | Noticed Ijyb
  1415 | D:3      | 1415 ||| Stepping ~*~*~tactically~*~*~ (hiding).
  1439 | D:3      | Killed Ijyb
  1493 | D:3      | Found a blossoming altar of Fedhas.
  1493 | D:3      | Found a shimmering altar of Xom.
  1501 | D:3      | Found a hazy altar of Hepliaklqana.
  1503 | D:3      | Found a faded altar of an unknown god.
  1505 | D:3      | Found an iron altar of Okawaru.
  1506 | D:3      | 1506 ||| PLANNING OKAWARU WORSHIP
  1509 | D:3      | Became a worshipper of Warmaster Okawaru
  1509 | D:3      | 1509 ||| PLANNING D:1-11
  1589 | D:3      | Reached XP level 5. HP: 32/32 MP: 5/5
  1741 | D:3      | Found a transporter.
  1746 | D:3      | Found a transporter.
  1747 | D:3      | Found a one-way gate to the infinite horrors of the Abyss.
  1747 | D:3      | Noticed qw's ghost (amateur GrFi)
  1747 | D:3      | Noticed a kobold brigand
  1747 | D:3      | Noticed a small abomination
  1919 | D:3      | 1919 ||| UPGRADING to +0 pair of boots.
  1924 | D:3      | 1924 ||| UPGRADING to ring of resist corrosion.
  1925 | D:3      | 1925 ||| UPGRADING to ring of willpower.
  1926 | D:3      | 1926 ||| READING scroll labelled UZUFRY VEEMNAM.
  2027 | D:3      | 2027 ||| READING scroll labelled FUDUJ KIXIUSOI.
  2027 | D:3      | Identified a scroll of acquirement
  2027 | D:3      | 2027 ||| ACQUIRING +4 kite shield of the Comet {Harm Will+}
  2027 | D:3      | Acquired the +4 kite shield of the Comet {Harm Will+}
  2029 | D:3      | 2029 ||| UPGRADING to +4 kite shield of the Comet {Harm
                  | Will+}.
  2039 | D:3      | 2039 ||| DROPPING +0 buckler.
  2068 | D:4      | 2068 ||| DROPPING +0 whip.
  2248 | D:4      | 2248 ||| Stepping ~*~*~tactically~*~*~ (stealth).
  2250 | D:4      | 2250 ||| Stepping ~*~*~tactically~*~*~ (hiding).
  2384 | D:4      | 2384 ||| Stepping ~*~*~tactically~*~*~ (hiding).
  2385 | D:4      | 2385 ||| Stepping ~*~*~tactically~*~*~ (hiding).
  2396 | D:4      | Reached XP level 6. HP: 30/37 MP: 6/6
  2404 | D:4      | 2404 ||| FLEEEEING.
  2525 | D:4      | Noticed a steam dragon
  2539 | D:4      | HP: 2/37 [steam dragon/ball of steam (15)]
  2540 | D:4      | 2540 ||| READING 3 scrolls of teleportation.
  2543 | D:4      | Killed a steam dragon
  2748 | D:4      | 2748 ||| UPGRADING to +0 pair of gloves.
  2753 | D:4      | 2753 ||| READING 2 scrolls labelled CUETYONLUFF.
  2773 | D:5      | Entered Level 5 of the Dungeon
  2783 | D:5      | Reached * piety under Okawaru
  2784 | D:5      | 2784 ||| INVOKING Heroism.
  2784 | D:5      | Killed from afar by an orc priest

Levels and vault maps discovered:
D:1:      psy_arrival_dodecagon, layout_loops_ring, supply_closet_lemuel
D:2:      layout_loops_ring, corexii_shack, uniq_jessica
D:3:      layout_rooms, chequers_temple_overflow_minitemple,
          gammafunk_ghost_abyssal_escape, minmay_misc_feat_chi, uniq_ijyb
D:4:      layout_loops_cross
D:5:      layout_loops_ring

Skill      XL: |  1  2  3  4  5  6 |
---------------+-------------------+-----
Axes           | 2 3 4 5 |  5.0
Shields        | 4 5 |  5.9
Fighting       | |  3.2
Armour         | |  3.2

Action                     |  1- 3 |  4- 6 || total
---------------------------+-------+-------++-------
  Melee: War axe           |   122 |   150 ||   272
 Invoke: Heroism           |       |     1 ||     1
    Use: Scroll            |     3 |     5 ||     8
         Potion            |       |     1 ||     1
 Armour: Scale mail        |    48 |       ||    48
         Plate armour      |    21 |    87 ||   108
  Dodge: Dodged            |    47 |    41 ||    88
  Block: Buckler           |    13 |    23 ||    36
         Kite shield       |       |    53 ||    53

Table legend:
 A = Non-vault XP
 B = Vault XP
 C = Vault XP percentage of total XP
 D = Non-vault monster count
 E = Vault monster count
 F = Vault count percentage of total count
                 A         B        C        D         E       F
            +---------+---------+-------+---------+---------+-------
      Total |     504 |      73 |  12.7 |      77 |       2 |   2.5
            +---------+---------+-------+---------+---------+-------
        D:1 |      57 |       0 |   0.0 |      29 |       0 |   0.0
        D:2 |      27 |      37 |  57.8 |      12 |       1 |   7.7
        D:3 |      48 |      36 |  42.9 |      17 |       1 |   5.6
        D:4 |     337 |       0 |   0.0 |      18 |       0 |   0.0
        D:5 |      35 |       0 |   0.0 |       1 |       0 |   0.0
            +---------+---------+-------+---------+---------+-------
